Map: Aire du défenseur EC

Players

zidar - Winner!

  • Race: Zerg Zerg
  • League: Gold
  • Spawn Location: 1:00

Firefly

  • Race: Protoss Protoss
  • Spawn Location: 7:00

VOD

Have the link to the VOD?

Description

Time

  • Played on: June 26, 2017, 10:39 a.m.
  • Length: 4:54
Show
View Real Time Build Order
Export as new Build Order

zidar Zerg - Winner!

Build Orders: Pool First 

Get SALT Encoding   

  12  0:03  Drone  
  13  0:12  Overlord  
  13  0:17  Drone  
  14  0:31  Drone x2  
  16  0:42  Spawning Pool  
  15  0:46  Drone  
  16  1:09  Hatchery  
  15  1:12  Drone  
  15  1:18  Extractor, Drone  
  16  1:23  Drone  
  17  1:33  Queen  
  19  1:55  Zergling x6  
  22  2:08  Overlord  
  22  2:17  Metabolic Boost  
  22  2:21  Queen  
  24  2:38  Zergling x8  
  28  2:52  Zergling x8  
  28  2:53  Zergling x2  
  32  3:15  Zergling x8  
  36  3:27  Baneling Nest  
  31  4:01  Zergling x10  
Show
View Real Time Build Order
Export as new Build Order

Firefly Protoss 

Build Orders: 1 Gate Expand 

Get SALT Encoding   

  12  0:01  Probe (Chrono Boost)  
  13  0:12  Probe (Chrono Boost)  
  14  0:20  Pylon  
  14  0:23  Probe (Chrono Boost)  
  15  0:38  Probe (Chrono Boost)  
  15  0:40  Gateway  
  16  0:44  Assimilator  
  16  1:15  Nexus, Probe (Chrono Boost)  
  17  1:27  Cybernetics Core  
  17  1:32  Cybernetics Core  
  17  1:33  Probe (Chrono Boost)  
  18  1:52  Gateway  
  18  1:54  Probe (Chrono Boost), Assimilator  
  19  2:07  Probe (Chrono Boost)  
  20  2:09  Adept (Chrono Boost)  
  22  2:16  Gateway  
  22  2:27  Pylon  
  22  2:36  Adept (Chrono Boost)  
  23  2:40  Mothership Core  
  25  3:01  Probe  
  25  3:02  Gateway  
  26  3:13  Probe  
  26  3:17  Gateway  
  27  3:21  Gateway  
  27  3:25  Probe (Chrono Boost)  
  28  3:32  Probe (Chrono Boost)  
  29  3:37  Probe (Chrono Boost)  
  29  3:39  Stalker  
  32  3:47  Probe (Chrono Boost)  
  27  3:56  Zealot x2  
  27  3:57  Zealot  
  33  4:04  Pylon  
  15  4:39  Probe (Chrono Boost)  
Tags
 
Add a new tag
Caveats
  • Supply blocks, unpowered buildings, or Contaminate may cause inaccurate times.
  • Supply counts are checked every 10 seconds.